 Dungeon Sprint DCSS version 0.21-a0-417-g0adc95b (webtiles) character file.

46 Kidiri the Insei (level 3, -7/31 HPs)
             Began as a Draconian Transmuter on Nov 3, 2017.
             Was a Believer of Wu Jian.
             Mangled by a gnoll sergeant
             ... wielding a +2 trident of freezing
              (13 damage)
             ... while paralysed by a floating eye
             ... in the Dungeon (Sprint VII: "The Pits").
             The game lasted 00:03:46 (665 turns).

Kidiri the Insei (Draconian Transmuter)              Turns: 665, Time: 00:03:46

Health: -7/31      AC:  2    Str: 12    XL:     3   Next: 46%
Magic:  4/7        EV:  5    Int: 13    God:    Wu Jian [**....]
Gold:   0          SH:  0    Dex: 17    Spells: 1/7 levels left

rFire    . . .     SeeInvis .     - Unarmed
rCold    . . .     Gourm    .   (shield currently unavailable)
rNeg     . . .     Faith    .   (armour unavailable)
rPois    x         Spirit   .   (helmet currently unavailable)
rElec    .         Reflect  .   (cloak currently unavailable)
rCorr    .         Harm     .   (gloves currently unavailable)
MR       .....     NoTele   +   (boots currently unavailable)
Stlth    ++........             (no amulet)
HPRegen  0.10/turn              (no ring)
MPRegen  0.10/turn              (no ring)

@: paralysed, spider-form
A: unfitting armour, AC +5
a: End Transformation, Renounce Religion


You were in the Dungeon.
You worshipped Wu Jian.
Wu Jian was pleased with you.
You were not hungry.
You were a venomous arachnid creature.
You visited 1 branch

Inventory:

Missiles
 a - 10 arrows
 x - 10 stones (quivered)
Scrolls
 i - a scroll of blinking
 r - 3 scrolls of remove curse
 s - 5 scrolls of amnesia
 t - a scroll of summoning
 w - 2 scrolls of vulnerability
Potions
 d - 6 potions of curing
 e - 6 potions of heal wounds
 f - a potion of haste
 g - 4 potions of magic
 h - 3 potions of berserk rage
 q - 2 potions of invisibility
Books
 b - a book of Changes

   Spells                             Type                      Level
   a - Beastly Appendage              Transmutation                1
   b - Sticks to Snakes               Transmutation                2
   c - Spider Form                    Transmutation/Poison         3
   d - Ice Form                       Ice/Transmutation            4
   e - Blade Hands                    Transmutation                5
Comestibles
 c - 8 bread rations
 j - a chunk of flesh
 u - 40 fruits
 v - 7 meat rations


   Skills:
 * Level 3.6 Fighting
 + Level 2.6 Dodging
 + Level 1.9 Stealth
 * Level 4.3 Unarmed Combat
 + Level 2.8 Spellcasting
 * Level 3.7 Transmutations
 + Level 0.3 Poison Magic


You had one spell level left.
You knew the following spells:

 Your Spells              Type           Power        Failure   Level  Hunger
a - Beastly Appendage     Tmut           ##....       14%         1    #......
b - Sticks to Snakes      Tmut           ##......     21%         2    ###....
c - Spider Form           Tmut/Pois      #.........   52%         3    ###....


Dungeon Overview and Level Annotations

Branches:
Dungeon (1/1)

Altars:
Ashenzari
Cheibriados
Dithmenos
Elyvilon
Fedhas
Gozag
Hepliaklqana
Kikubaaqudgha
Makhleb
Nemelex Xobeh
Okawaru
Qazlal
Ru
Sif Muna
Trog
Uskayaw
Vehumet
Wu Jian
Xom
Yredelemnul
Zin
The Shining One
Beogh
Jiyva
Lugonu


Innate Abilities, Weirdness & Mutations

((Your plain brown scales are hard. (AC +5)))
You cannot fit into any form of body armour.
((You are cold-blooded and may be slowed by cold attacks.))


Message History

The floating eye seems to glare at you.
Unknown command.
You spin and attack the gnoll sergeant.
You hit the gnoll sergeant but do no damage.
The gnoll sergeant is poisoned.
The gnoll sergeant hits you with a trident of freezing.
The gnoll sergeant freezes you. The gnoll misses you.
The flying skull hits you.
Unknown command.
You spin and attack the gnoll sergeant.
You hit the gnoll sergeant but do no damage.
You spin and attack the gnoll.
You hit the gnoll but do no damage.
The floating eye gazes piercingly through you!
You suddenly lose the ability to move!
The gnoll sergeant hits you but does no damage.
The gnoll hits you but does no damage. The flying skull hits you!
The gnoll hits you from afar with a halberd!
* * * LOW HITPOINT WARNING * * *
The gnoll sergeant hits you with a trident of freezing!
You die...

#.#..+..+..#####+#
#.##+####+###.....
#.#...รท....##.....
#.#........##.....
#.#####+#####...<.
#.#........##.....
#.#........##.....
#'###########.....
#sg#.#.## ######
#zgS....# ##g#5#.##
.gg... ##.#.#.#
.......# #.# #..+
### ###


You could see a water moccasin, a gnoll sergeant, a flying skull, an iron imp
and 4 gnolls.

Vanquished Creatures
  2 gnolls (D)
  A river rat (D)
  An ufetubus (D)
  A leopard gecko (D)
  A bat skeleton (D)
  A giant cockroach (D)
  A quokka (D)
  A bat (D)
9 creatures vanquished.

Vanquished Creatures (collateral kills)
  A river rat (D)
1 creature vanquished.

Grand Total: 10 creatures vanquished

Notes
Turn   | Place    | Note
-------+----------+-------------------------------------------
     0 | D        | Kidiri the Draconian Transmuter began the quest for the Orb.
     0 | D        | Reached XP level 1. HP: 16/16 MP: 3/3
    21 | D        | Reached skill level 1 in Stealth
    21 | D        | Reached XP level 2. HP: 24/24 MP: 3/5
    58 | D        | Found a bloodstained altar of Trog.
    58 | D        | Found a deep blue altar of Sif Muna.
    58 | D        | Found a viscous altar of Jiyva.
    58 | D        | Found a hazy altar of Hepliaklqana.
    58 | D        | Found an opulent altar of Gozag.
    59 | D        | Found a glowing golden altar of the Shining One.
    59 | D        | Found a glowing silver altar of Zin.
    59 | D        | Found a basalt altar of Yredelemnul.
    59 | D        | Found a shimmering altar of Xom.
    59 | D        | Found an ornate altar of the Wu Jian Council.
    59 | D        | Found a sacrificial altar of Ru.
    59 | D        | Found a stormy altar of Qazlal.
    59 | D        | Found an iron altar of Okawaru.
    59 | D        | Found a sparkling altar of Nemelex Xobeh.
    59 | D        | Found a burning altar of Makhleb.
    59 | D        | Found a blossoming altar of Fedhas.
    59 | D        | Found a white marble altar of Elyvilon.
    59 | D        | Found a shadowy altar of Dithmenos.
    59 | D        | Found a snail-covered altar of Cheibriados.
    61 | D        | Found a radiant altar of Vehumet.
    61 | D        | Found a corrupted altar of Lugonu.
    61 | D        | Found a roughly hewn altar of Beogh.
    62 | D        | Found a hide-covered altar of Uskayaw.
    62 | D        | Found an ancient bone altar of Kikubaaqudgha.
    62 | D        | Found a shattered altar of Ashenzari.
    68 | D        | Became a worshipper of the Wu Jian Council
    72 | D        | Learned a level 2 spell: Sticks to Snakes
   128 | D        | Reached * piety under Wu Jian
   298 | D        | Reached skill level 4 in Unarmed Combat
   298 | D        | Reached XP level 3. HP: 18/31 MP: 0/6
   324 | D        | Learned a level 3 spell: Spider Form
   538 | D        | Reached ** piety under Wu Jian
   659 | D        | Noticed a gnoll sergeant
   660 | D        | Noticed a floating eye
   661 | D        | Noticed a water moccasin
   661 | D        | Noticed a flying skull
   664 | D        | Paralysed by a floating eye for 4 turns
   665 | D        | Mangled by a gnoll sergeant

Vault maps used:
D:        pitsprint

Skill      XL: |  1  2 |
---------------+-------+-----
Fighting       | 2 3 |  3.6
Dodging        | 2 |  2.6
Stealth        | 1 |  1.9
Transmutations | 3 |  3.7
Unarmed Combat | 4 |  4.3
Spellcasting   | |  2.8
Poison Magic   | |  0.3

Action                   || total
-------------------------++-------
Melee: Unarmed           ||    36
       Headbutt          ||     5
       Tailslap          ||     3
       Punch             ||     1
 Cast: Beastly Appendage ||     4
       Sticks to Snakes  ||     2
       Spider Form       ||     2
Armor: Skin              ||    10
Dodge: Dodged            ||    25

Table legend:
 A = Spawn XP
 B = Non-spawn XP
 C = Spawn XP percentage of total XP
 D = Spawn monster count
 E = Non-spawn monster count
 F = Spawn count percentage of total count
 G = Total turns spent on level
                    A         B        C        D         E        F      G
               +---------+---------+-------+---------+---------+-------+---------
         Total |       0 |      67 |   0.0 |       0 |      10 |   0.0 |   665
               +---------+---------+-------+---------+---------+-------+---------
             D |       0 |      67 |   0.0 |       0 |      10 |   0.0 |   665
               +---------+---------+-------+---------+---------+-------+---------
